| TOP OF THE 1ST |
|
Iowa Cubs batting - Pitching for New Orleans Zephyrs : RHP John Dinsmore
|
|
Pitching: RHP John Dinsmore
|
|
|
Batting: RHB Brian Gargis
|
0-0: Called Strike 0-1: Foul Ball, location: 2F 0-2: Ball 1-2: Ground out 4-3 (Groundball, 4M, EV 95.6 MPH)
|
|
Batting: RHB Frank Caulfield
|
0-0: Ball 1-0: Ball 2-0: Ball 3-0: Called Strike 3-1: Base on Balls
|
|
Batting: RHB Ryan Walker
|
0-0: Called Strike 0-1: Ball 1-1: Swinging Strike 1-2: Foul Ball, location: 2F 1-2: SINGLE (Line Drive, 4D, EV 100.0 MPH) Frank Caulfield to second
|
|
Batting: LHB Wing-tat Tai
|
0-0: Ball 1-0: Fielders Choice at 2nd, 5-4 (Groundball, 56S, EV 88.8 MPH) Frank Caulfield to third
|
|
Batting: LHB Mark Ingram
|
0-0: Ball 1-0: Called Strike 1-1: DOUBLE (Flyball, 78XD, EV 96.2 MPH) Frank Caulfield scores Wing-tat Tai to third Runner from 3rd tries for Home, SAFE, no throw by LF
|
|
Batting: RHB Brad Santanello
|
0-0: Foul Ball, location: 2F 0-1: Foul Ball, location: 2F 0-2: Ball 1-2: Foul Ball, location: 2F 1-2: Ball 2-2: Foul Ball, location: 2F 2-2: Strikes out swinging
|
| Top of the 1st over - 2 runs, 2 hits, 0 errors, 1 left on base; Iowa 2 - New Orleans 0 |
| BOTTOM OF THE 1ST |
|
New Orleans Zephyrs batting - Pitching for Iowa Cubs : RHP Dustin Buckner
|
|
Pitching: RHP Dustin Buckner
|
|
|
Batting: SHB Ramon Martinez
|
0-0: Called Strike 0-1: Swinging Strike 0-2: Foul Ball, location: 2F 0-2: Ball 1-2: Strikes out looking
|
|
Batting: LHB David Doge
|
0-0: SINGLE (Flyball, 7LS, EV 98.1 MPH)
|
|
Batting: RHB Manuel Taveras
|
0-0: Called Strike David Doge steals 2nd base (no throw) 0-1: Fly out, F7 (Flyball, 7D, EV 96.9 MPH)
|
|
Batting: RHB Rick Fell
|
0-0: Fly out, F8 (Flyball, 8LD, EV 107.5 MPH)
|
| Bottom of the 1st over - 0 runs, 1 hit, 0 errors, 1 left on base; Iowa 2 - New Orleans 0 |
| TOP OF THE 2ND |
|
Iowa Cubs batting - Pitching for New Orleans Zephyrs : RHP John Dinsmore
|
|
Batting: SHB Karl Starnes
|
0-0: Ball 1-0: Ball 2-0: Swinging Strike 2-1: Foul Ball, location: 2F 2-2: Ball 3-2: Strikes out swinging
|
|
Batting: RHB Tim Long
|
0-0: Called Strike 0-1: SINGLE (Line Drive, 4MD, EV 98.8 MPH)
|
|
Batting: RHB Khalil Stephens
|
0-0: Foul Ball, location: 2F 0-1: Foul Ball, location: 2F 0-2: Ball 1-2: Foul Ball, location: 2F 1-2: Ball 2-2: Fielders Choice at 2nd, 6-4 (Groundball, 6, EV 84.4 MPH)
|
|
Batting: RHB Brian Gargis
|
0-0: Ball 1-0: SINGLE (Groundball, 6D, EV 100.6 MPH) Khalil Stephens to second Runner from 2nd tries for 3rd, SAFE, no throw by LF
|
|
Batting: RHB Frank Caulfield
|
0-0: Ball 1-0: Fielders Choice at 2nd, 5-4 (Groundball, 56, EV 103.8 MPH)
|
| Top of the 2nd over - 0 runs, 2 hits, 0 errors, 2 left on base; Iowa 2 - New Orleans 0 |
| BOTTOM OF THE 2ND |
|
New Orleans Zephyrs batting - Pitching for Iowa Cubs : RHP Dustin Buckner
|
|
Batting: RHB Isaiah Brockman
|
0-0: Ball 1-0: Fly out, F8 (Flyball, 78M, EV 74.4 MPH)
|
|
Batting: RHB Orlando Landa
|
0-0: SOLO HOME RUN (Flyball, 8LXD, EV 108.8 MPH), Distance : 451 ft
|
|
Batting: SHB Matt Moore
|
0-0: Ball 1-0: Called Strike 1-1: Called Strike 1-2: Ball 2-2: Fly out, F9 (Flyball, 89XD, EV 94.4 MPH)
|
|
Batting: RHB Masumitsu Sugiura
|
0-0: Ball 1-0: Ball 2-0: Called Strike 2-1: Ball 3-1: Foul Ball, location: 2F 3-2: SINGLE (Groundball, 34D, EV 96.9 MPH)
|
|
Batting: RHB Harrie de Kam
|
0-0: Ball Masumitsu Sugiura steals 2nd base 1-0: Ground out 6-3 (Groundball, 6, EV 80.0 MPH)
|
| Bottom of the 2nd over - 1 run, 2 hits, 0 errors, 1 left on base; Iowa 2 - New Orleans 1 |
| TOP OF THE 3RD |
|
Iowa Cubs batting - Pitching for New Orleans Zephyrs : RHP John Dinsmore
|
|
Batting: RHB Ryan Walker
|
0-0: Ball 1-0: Ball 2-0: Swinging Strike 2-1: Called Strike 2-2: Strikes out swinging
|
|
Batting: LHB Wing-tat Tai
|
0-0: Foul Ball, location: 2F 0-1: Ball 1-1: Fly out, F6 (Line Drive, 4MD, EV 70.0 MPH)
|
|
Batting: LHB Mark Ingram
|
0-0: Called Strike 0-1: SINGLE (Groundball, 34D, EV 109.4 MPH)
|
|
Batting: RHB Brad Santanello
|
0-0: Ball 1-0: Called Strike 1-1: Foul Ball, location: 2F 1-2: Foul Ball, location: 2F 1-2: Foul Ball, location: 2F 1-2: SINGLE (Groundball, 6MD, EV 104.4 MPH) Mark Ingram to second Runner from 2nd tries for 3rd, SAFE, throw by CF made to third
|
|
Batting: SHB Karl Starnes
|
0-0: DOUBLE (Line Drive, 8LXD, EV 100.6 MPH) Mark Ingram scores Brad Santanello to third
|
|
Batting: RHB Tim Long
|
0-0: Ball 1-0: Foul Ball, location: 2F 1-1: Ground out 5-3 (Groundball, 5D, EV 85.0 MPH)
|
| Top of the 3rd over - 1 run, 3 hits, 0 errors, 2 left on base; Iowa 3 - New Orleans 1 |
| BOTTOM OF THE 3RD |
|
New Orleans Zephyrs batting - Pitching for Iowa Cubs : RHP Dustin Buckner
|
|
Batting: SHB Ramon Martinez
|
0-0: Called Strike 0-1: Called Strike 0-2: Ground out 1-3 (Groundball, 15S, EV 66.9 MPH)
|
|
Batting: LHB David Doge
|
0-0: Called Strike 0-1: Foul Ball, location: 2F 0-2: Fly out, F7 (Flyball, 7S, EV 87.5 MPH)
|
|
Batting: RHB Manuel Taveras
|
0-0: Foul Ball, location: 2F 0-1: Ground out 6-3 (Groundball, 6D, EV 78.8 MPH)
|
| Bottom of the 3rd over - 0 runs, 0 hits, 0 errors, 0 left on base; Iowa 3 - New Orleans 1 |
| TOP OF THE 4TH |
|
Iowa Cubs batting - Pitching for New Orleans Zephyrs : RHP John Dinsmore
|
|
Batting: RHB Khalil Stephens
|
0-0: TRIPLE (Flyball, 89XD, EV 100.6 MPH)
|
|
Batting: RHB Brian Gargis
|
0-0: Ball 1-0: Ball 2-0: Foul Ball, location: 2F 2-1: Swinging Strike 2-2: Ground out 6-3 (Groundball, 6, EV 105.0 MPH) Khalil Stephens scores
|
|
Batting: RHB Frank Caulfield
|
0-0: Swinging Strike 0-1: Foul Ball, location: 2F 0-2: Ball 1-2: Foul Ball, location: 2F 1-2: Strikes out looking
|
|
Batting: RHB Ryan Walker
|
0-0: Ground out 1-3 (Groundball, 13S, EV 61.9 MPH)
|
| Top of the 4th over - 1 run, 1 hit, 0 errors, 0 left on base; Iowa 4 - New Orleans 1 |
| BOTTOM OF THE 4TH |
|
New Orleans Zephyrs batting - Pitching for Iowa Cubs : RHP Dustin Buckner
|
|
Batting: RHB Rick Fell
|
0-0: Ball 1-0: Called Strike 1-1: Foul Ball, location: 2F 1-2: Foul Ball, location: 2F 1-2: DOUBLE (Line Drive, 7LD, EV 96.2 MPH)
|
|
Batting: RHB Isaiah Brockman
|
0-0: Called Strike 0-1: Called Strike 0-2: Foul Ball, location: 2F 0-2: Ball 1-2: 2-RUN HOME RUN (Flyball, 78XD, EV 104.4 MPH), Distance : 413 ft
|
|
Batting: RHB Orlando Landa
|
0-0: Ball 1-0: Called Strike 1-1: Ball 2-1: Swinging Strike 2-2: SINGLE (Groundball, 56D, EV 99.4 MPH)
|
|
Batting: SHB Matt Moore
|
0-0: Ball Orlando Landa steals 2nd base (no throw) 1-0: Ball 2-0: Fly out, F8 (Flyball, 8LD, EV 97.5 MPH)
|
|
Batting: RHB Masumitsu Sugiura
|
0-0: Ball 1-0: Ball 2-0: Swinging Strike 2-1: Reached on error, E8 (Flyball, 8RXD, EV 105.0 MPH) Orlando Landa to third
|
|
Batting: RHB Harrie de Kam
|
0-0: Ball 1-0: Foul Ball, location: 2F 1-1: Fly out, F9 (Flyball, 9LM, EV 98.1 MPH) Runner from 3rd tags up, SCORES, throw by RF
|
|
Batting: SHB Ramon Martinez
|
0-0: Ball 1-0: Swinging Strike 1-1: Foul Ball, location: 2F 1-2: Foul Ball, location: 2F 1-2: Strikes out swinging, 2-3 out at first.
|
| Bottom of the 4th over - 3 runs, 3 hits, 1 error, 1 left on base; Iowa 4 - New Orleans 4 |
| TOP OF THE 5TH |
|
Iowa Cubs batting - Pitching for New Orleans Zephyrs : RHP John Dinsmore
|
|
Batting: LHB Wing-tat Tai
|
0-0: Called Strike 0-1: Foul Ball, location: 2F 0-2: Foul Ball, location: 2F 0-2: Ball 1-2: Ball 2-2: SINGLE (Groundball, 6D, EV 103.8 MPH)
|
|
Batting: LHB Mark Ingram
|
0-0: Ball 1-0: Ball 2-0: Swinging Strike 2-1: Called Strike 2-2: Foul Ball, location: 2F 2-2: Strikes out looking
|
|
Batting: RHB Brad Santanello
|
0-0: Ball 1-0: Called Strike 1-1: Grounds into double play, 2-4-3 (Groundball, 15S, EV 69.4 MPH)
|
| Top of the 5th over - 0 runs, 1 hit, 0 errors, 0 left on base; Iowa 4 - New Orleans 4 |
| BOTTOM OF THE 5TH |
|
New Orleans Zephyrs batting - Pitching for Iowa Cubs : RHP Dustin Buckner
|
|
Batting: LHB David Doge
|
0-0: SINGLE (Groundball, 4MS, EV 65.6 MPH) (infield hit)
|
|
Batting: RHB Manuel Taveras
|
0-0: Ball 1-0: Ball 2-0: Ball David Doge is caught stealing 2nd base 2-4 3-0: Called Strike 3-1: Base on Balls
|
|
Batting: RHB Rick Fell
|
0-0: Ball 1-0: Foul Ball, location: 2F 1-1: Foul Ball, location: 2F 1-2: Ball 2-2: Ball 3-2: Strikes out swinging
|
|
Batting: RHB Isaiah Brockman
|
0-0: Ball 1-0: Foul Ball, location: 2F 1-1: Ball 2-1: Foul Ball, location: 2F 2-2: Foul Ball, location: 2F 2-2: Foul Ball, location: 2F 2-2: SINGLE (Groundball, 6M, EV 94.4 MPH) Manuel Taveras to second
|
|
Batting: RHB Orlando Landa
|
0-0: Called Strike 0-1: Ball 1-1: Ball 2-1: Ball 3-1: Called Strike 3-2: Strikes out swinging
|
| Bottom of the 5th over - 0 runs, 2 hits, 0 errors, 2 left on base; Iowa 4 - New Orleans 4 |
| TOP OF THE 6TH |
|
Iowa Cubs batting - Pitching for New Orleans Zephyrs : RHP John Dinsmore
|
|
Batting: SHB Karl Starnes
|
0-0: Called Strike 0-1: Ball 1-1: Foul Ball, location: 2F 1-2: Ball 2-2: Foul Ball, location: 2F 2-2: Foul Ball, location: 2F 2-2: Ball 3-2: Foul Ball, location: 2F 3-2: Ground out 6-3 (Groundball, 6, EV 79.4 MPH)
|
|
Pitching: RHP Jeremy Akande
|
|
|
Batting: RHB Tim Long
|
0-0: Ball 1-0: Called Strike 1-1: Foul Ball, location: 2F 1-2: Ball 2-2: Ball 3-2: Base on Balls
|
|
Batting: RHB Khalil Stephens
|
0-0: Foul Ball, location: 2F 0-1: Called Strike 0-2: Ball 1-2: Ball 2-2: Ball 3-2: Base on Balls Tim Long to second
|
|
Batting: RHB Brian Gargis
|
0-0: Called Strike 0-1: Ball 1-1: Ball 2-1: Fly out, F8 (Flyball, 8LM, EV 90.0 MPH)
|
|
Batting: RHB Frank Caulfield
|
0-0: Ball 1-0: DOUBLE (Line Drive, 5D, EV 102.5 MPH) Tim Long scores Khalil Stephens to third
|
|
Batting: RHB Ryan Walker
|
0-0: Ground out 4-3 (Groundball, 4, EV 101.2 MPH)
|
| Top of the 6th over - 1 run, 1 hit, 0 errors, 2 left on base; Iowa 5 - New Orleans 4 |
| BOTTOM OF THE 6TH |
|
New Orleans Zephyrs batting - Pitching for Iowa Cubs : RHP Dustin Buckner
|
|
Batting: SHB Matt Moore
|
0-0: Ball 1-0: Ball 2-0: Called Strike 2-1: Ball 3-1: Fly out, F5 (Popup, 6S, EV 68.8 MPH)
|
|
Pitching: LHP Nate George
|
|
|
Batting: RHB Masumitsu Sugiura
|
0-0: Fly out, F9 (Flyball, 9, EV 93.8 MPH)
|
|
Batting: RHB Harrie de Kam
|
0-0: Foul Ball, location: 2F 0-1: Ball 1-1: Ball 2-1: Ball 3-1: Foul Ball, location: 2F 3-2: Base on Balls
|
|
Batting: SHB Ramon Martinez
|
0-0: Called Strike Harrie de Kam steals 2nd base 0-1: Called Strike 0-2: Ball 1-2: Fly out, F7 (Flyball, 78M, EV 90.0 MPH)
|
| Bottom of the 6th over - 0 runs, 0 hits, 0 errors, 1 left on base; Iowa 5 - New Orleans 4 |
| TOP OF THE 7TH |
|
Iowa Cubs batting - Pitching for New Orleans Zephyrs : RHP Jeremy Akande
|
|
Batting: LHB Wing-tat Tai
|
0-0: Swinging Strike 0-1: Ball 1-1: Ball 2-1: Called Strike 2-2: Fly out, F9 (Flyball, 9, EV 88.8 MPH)
|
|
Batting: LHB Mark Ingram
|
0-0: Ball 1-0: Swinging Strike 1-1: Foul Ball, location: 2F 1-2: Strikes out swinging
|
|
Batting: RHB Brad Santanello
|
0-0: Foul Ball, location: 2F 0-1: Ball 1-1: Ball 2-1: Ball 3-1: Called Strike 3-2: Ground out 6-3 (Groundball, 6, EV 84.4 MPH)
|
| Top of the 7th over - 0 runs, 0 hits, 0 errors, 0 left on base; Iowa 5 - New Orleans 4 |
| BOTTOM OF THE 7TH |
|
New Orleans Zephyrs batting - Pitching for Iowa Cubs : LHP Nate George
|
|
Batting: LHB David Doge
|
0-0: Called Strike 0-1: Called Strike 0-2: Ball 1-2: DOUBLE (Flyball, 8LXD, EV 106.2 MPH)
|
|
Batting: RHB Manuel Taveras
|
0-0: Ball 1-0: Called Strike 1-1: Ground out U3 (Groundball, 13, EV 88.8 MPH) David Doge to third
|
|
Batting: RHB Rick Fell
|
0-0: 2-RUN HOME RUN (Flyball, 7D, EV 99.4 MPH), Distance : 399 ft
|
|
Batting: RHB Isaiah Brockman
|
0-0: Ball 1-0: Ball 2-0: Ball 3-0: Base on Balls
|
|
Batting: RHB Orlando Landa
|
0-0: Ball 1-0: Ball 2-0: Called Strike 2-1: Fly out, F7 (Flyball, 7, EV 88.8 MPH)
|
|
Batting: SHB Matt Moore
|
0-0: Fly out, F8 (Flyball, 8LXD, EV 96.9 MPH)
|
| Bottom of the 7th over - 2 runs, 2 hits, 0 errors, 1 left on base; Iowa 5 - New Orleans 6 |
| TOP OF THE 8TH |
|
Iowa Cubs batting - Pitching for New Orleans Zephyrs : RHP Jeremy Akande
|
|
Pitching: RHP Adam Durant
|
|
|
Batting: SHB Karl Starnes
|
0-0: Ball 1-0: Ball 2-0: Called Strike 2-1: Ground out 4-3 (Groundball, 4, EV 83.8 MPH)
|
|
Batting: RHB Tim Long
|
0-0: Called Strike 0-1: Foul Ball, location: 2F 0-2: Strikes out swinging
|
|
Batting: RHB Khalil Stephens
|
0-0: Ball 1-0: Foul Ball, location: 2F 1-1: Ball 2-1: Ball 3-1: Fly out, F3 (Line Drive, 34, EV 71.9 MPH)
|
| Top of the 8th over - 0 runs, 0 hits, 0 errors, 0 left on base; Iowa 5 - New Orleans 6 |
| BOTTOM OF THE 8TH |
|
New Orleans Zephyrs batting - Pitching for Iowa Cubs : LHP Nate George
|
|
Pitching: RHP Nikita Eliseenko
|
|
|
Batting: RHB Masumitsu Sugiura
|
0-0: Ball 1-0: Ball 2-0: Ground out 5-3 (Groundball, 56, EV 104.4 MPH)
|
|
Batting: RHB Harrie de Kam
|
0-0: Ball 1-0: Ball 2-0: Called Strike 2-1: Swinging Strike 2-2: Strikes out swinging
|
|
Batting: SHB Ramon Martinez
|
0-0: Called Strike 0-1: Ball 1-1: Ball 2-1: Foul Ball, location: 2F 2-2: Ball 3-2: SINGLE (Groundball, 34D, EV 99.4 MPH) (infield hit)
|
|
Batting: LHB David Doge
|
0-0: Ball 1-0: Ball 2-0: Ball 3-0: Base on Balls Ramon Martinez to second
|
|
Batting: RHB Manuel Taveras
|
0-0: Ball 1-0: Ball 2-0: Ball 3-0: Base on Balls Ramon Martinez to third David Doge to second
|
|
Batting: RHB Rick Fell
|
0-0: Fly out, F8 (Flyball, 8RD, EV 75.6 MPH)
|
| Bottom of the 8th over - 0 runs, 1 hit, 0 errors, 3 left on base; Iowa 5 - New Orleans 6 |
| TOP OF THE 9TH |
|
Iowa Cubs batting - Pitching for New Orleans Zephyrs : RHP Adam Durant
|
|
Batting: RHB Brian Gargis
|
0-0: SINGLE (Groundball, 56D, EV 98.8 MPH)
|
|
Batting: RHB Frank Caulfield
|
0-0: Ball 1-0: Bunt missed! 1-1: Sac Bunt to 5S - play at first, batter OUT! 5-3 Brian Gargis to second
|
|
Batting: RHB Ryan Walker
|
0-0: Ground out U3 (Groundball, 34, EV 105.6 MPH) Brian Gargis to third
|
|
Batting: LHB Wing-tat Tai
|
0-0: Ball 1-0: Foul Ball, location: 2F 1-1: Ball 2-1: Ball 3-1: DOUBLE (Groundball, 3L, EV 103.8 MPH) Brian Gargis scores
|
|
Batting: LHB Mark Ingram
|
0-0: Intentional Walk
|
|
Batting: RHB Brad Santanello
|
0-0: Called Strike 0-1: DOUBLE (Groundball, 5L, EV 110.6 MPH) Wing-tat Tai scores Mark Ingram to third
|
|
Batting: SHB Karl Starnes
|
0-0: Called Strike 0-1: Swinging Strike 0-2: Ball 1-2: Foul Ball, location: 2F 1-2: Ball 2-2: Ball 3-2: Strikes out swinging
|
| Top of the 9th over - 2 runs, 3 hits, 0 errors, 2 left on base; Iowa 7 - New Orleans 6 |
| BOTTOM OF THE 9TH |
|
New Orleans Zephyrs batting - Pitching for Iowa Cubs : RHP Nikita Eliseenko
|
|
Pitching: RHP Carlos Dominguez
|
|
|
Batting: RHB Isaiah Brockman
|
0-0: Called Strike 0-1: Ball 1-1: Called Strike 1-2: Ball 2-2: Foul Ball, location: 2F 2-2: Ball 3-2: SOLO HOME RUN (Flyball, 9LD, EV 93.8 MPH), Distance : 345 ft
|
|
Pinch Hitting: LHB Eric Bailey
|
0-0: Foul Ball, location: 2F 0-1: Swinging Strike 0-2: Strikes out swinging
|
|
Batting: SHB Matt Moore
|
0-0: SINGLE (Groundball, 4MD, EV 110.0 MPH)
|
|
Batting: RHB Masumitsu Sugiura
|
0-0: Ball 1-0: Swinging Strike 1-1: Ball 2-1: Foul Ball, location: 2F 2-2: Ball 3-2: Ground out 5-3 (Groundball, 25, EV 70.0 MPH) Matt Moore to second
|
|
Batting: RHB Harrie de Kam
|
0-0: Ball 1-0: Foul Ball, location: 2F 1-1: Ball 2-1: Called Strike 2-2: Fly out, F7 (Flyball, 7S, EV 94.4 MPH)
|
| Bottom of the 9th over - 1 run, 2 hits, 0 errors, 1 left on base; Iowa 7 - New Orleans 7 |
| TOP OF THE 10TH |
|
Iowa Cubs batting - Pitching for New Orleans Zephyrs : RHP Adam Durant
|
|
Pitching: LHP Hideo Komatsu
|
|
|
Now at C: John Jackson
|
|
|
Batting: RHB Tim Long
|
0-0: Ball 1-0: Swinging Strike 1-1: Ball 2-1: Swinging Strike 2-2: Strikes out swinging
|
|
Batting: RHB Khalil Stephens
|
0-0: Ball 1-0: Ball 2-0: Ball 3-0: Called Strike 3-1: SINGLE (Groundball, 34D, EV 100.6 MPH)
|
|
Batting: RHB Brian Gargis
|
0-0: SINGLE (Groundball, 56D, EV 110.0 MPH) Khalil Stephens to second
|
|
Batting: RHB Frank Caulfield
|
0-0: Ball 1-0: Ball 2-0: Ball 3-0: Called Strike 3-1: Bunt missed! 3-2: Strikes out swinging
|
|
Batting: RHB Ryan Walker
|
0-0: Ball 1-0: Called Strike 1-1: Ball 2-1: SINGLE (Line Drive, 3L, EV 94.4 MPH) Khalil Stephens to third Brian Gargis to second Runner from 3rd tries for Home, SAFE, throw by RF to home
|
|
Batting: LHB Wing-tat Tai
|
0-0: Ball 1-0: Foul Ball, location: 2F 1-1: Swinging Strike 1-2: Foul Ball, location: 2F 1-2: Ball 2-2: Strikes out swinging
|
| Top of the 10th over - 1 run, 3 hits, 0 errors, 2 left on base; Iowa 8 - New Orleans 7 |
| BOTTOM OF THE 10TH |
|
New Orleans Zephyrs batting - Pitching for Iowa Cubs : RHP Carlos Dominguez
|
|
Batting: SHB Ramon Martinez
|
0-0: Ball 1-0: Called Strike 1-1: Foul Ball, location: 2F 1-2: Ball 2-2: Strikes out looking
|
|
Batting: LHB David Doge
|
0-0: Called Strike 0-1: Ball 1-1: Ball 2-1: Foul Ball, location: 2F 2-2: Strikes out swinging
|
|
Batting: RHB Manuel Taveras
|
0-0: Called Strike 0-1: Swinging Strike 0-2: Ball 1-2: Ball 2-2: Strikes out swinging
|
| Bottom of the 10th over - 0 runs, 0 hits, 0 errors, 0 left on base; Iowa 8 - New Orleans 7 |
|